 Dungeon Crawl Stone Soup version 0.20.1-1-g8b1a95d66d (webtiles) character file.

29533 Jynx the Unseen (level 13, 0/79 HPs)
             Began as a Vampire Enchanter on Dec 20, 2017.
             Was an Elder of Makhleb.
             Slain by a wolf spider (16 damage)
             ... on level 6 of the Lair of Beasts.
             The game lasted 00:53:17 (21027 turns).

Jynx the Unseen (Vampire Enchanter)                Turns: 21027, Time: 00:53:17

Health: 0/79       AC:  6    Str:  7    XL:     13   Next: 15%
Magic:  5/16       EV: 22    Int: 17    God:    Makhleb [****..]
Gold:   629        SH:  0    Dex: 20    Spells: 7/16 levels left

rFire    . . .     SeeInvis +   z - +2 dagger (vamp)
rCold    + . .     Gourm    .   (no shield)
rNeg     + . .     Faith    .   b - +2 robe
rPois    .         Spirit   .   s - +1 hat
rElec    .         Reflect  .   k - +0 cloak
rCorr    .         Harm     .   (no gloves)
MR       +....                  (no boots)
Stlth    ++++++++..             H - amulet of magic regeneration
Regen    0.3/turn               a - ring of protection from cold
MPRegen  0.3/turn               J - ring of stealth

@: lethally poisoned (0 -> -5)
A: fangs 3, see invisible, unbreathing
a: Bat Form, Minor Destruction, Lesser Servant of Makhleb, Major Destruction,
Renounce Religion


You were on level 6 of the Lair of Beasts.
You worshipped Makhleb.
Makhleb was greatly pleased with you.
You were not thirsty.

You visited 3 branches of the dungeon, and saw 15 of its levels.
You also visited: Volcano.

You collected 629 gold pieces.

Inventory:

Hand Weapons
 z - a +2 vampiric dagger (weapon)
Armour
 b - a +2 robe (worn)
 k - a +0 cloak (worn)
 s - a +1 hat (worn)
Jewellery
 a - a ring of protection from cold (left hand)
 h - an uncursed ring of resist corrosion
 m - an uncursed ring of poison resistance
 o - a +5 ring of intelligence
 F - an uncursed amulet of the gourmand {unknown}
 H - an amulet of magic regeneration (around neck)
 J - a ring of stealth (right hand)
Wands
 r - a wand of polymorph (8/24)
 t - a wand of disintegration (13/24)
 x - a wand of iceblast (5/15)
 y - a wand of flame (35/48)
 D - a wand of iceblast (8/15)
 M - a wand of lightning (6/15)
Scrolls
 p - 4 scrolls of remove curse
 v - a scroll of amnesia
 A - 2 scrolls of recharging
 B - 3 scrolls of magic mapping
 G - a scroll of teleportation
 N - a scroll of fear
Potions
 d - 3 potions of berserk rage
 e - 2 potions of brilliance
 f - 3 potions of curing
 g - 5 potions of lignification
 i - 3 potions of haste
 j - a potion of magic {unknown}
 l - a potion of heal wounds
 n - 2 potions of agility
 q - 2 potions of blood
 u - 5 potions of flight
 w - a potion of invisibility
 C - 2 potions of might {unknown}
 E - 2 potions of mutation {unknown}
Books
 c - a book of Maledictions

   Spells                             Type                      Level
   a - Corona                         Hexes                        1
   b - Ensorcelled Hibernation        Hexes/Ice                    2
   c - Confuse                        Hexes                        3
   d - Tukima's Dance                 Hexes                        3
   e - Dazzling Spray                 Conjuration/Hexes            3
 L - the Guide on the Assistive Traveller
   (You found it on level 5 of the Lair of Beasts)

   Spells                             Type                      Level
   a - Infusion                       Charms                       1
   b - Song of Slaying                Charms                       2
   c - Blink                          Translocation                2
   d - Portal Projectile              Hexes/Translocation          3
   e - Force Lance                    Conjuration/Translocation    4


   Skills:
 * Level 15.5 Short Blades
 + Level 11.5 Dodging
 + Level 16.1 Stealth
 - Level 2.0 Spellcasting
 - Level 11.0 Hexes
 + Level 3.1 Invocations


You had 7 spell levels left.
You knew the following spells:

 Your Spells              Type           Power        Failure   Level  Hunger
a - Corona                Hex            #####..      1%          1    #......
b - Ensorcelled Hibernat  Hex/Ice        ###...       3%          2    ###....
c - Confuse               Hex            #####...     1%          3    ###....
d - Tukima's Dance        Hex            #####...     1%          3    ###....


Dungeon Overview and Level Annotations

Branches:
Dungeon (8/15)             Temple (1/1) D:7            Lair (6/6) D:8
 Shoals (0/4) Lair:4        Snake (0/4) Lair:3
  Slime: Lair:5-6

Altars:
Ashenzari
Cheibriados
Dithmenos
Elyvilon
Fedhas
Gozag
Hepliaklqana
Kikubaaqudgha
Makhleb
Nemelex Xobeh
Okawaru
Qazlal
Ru
Sif Muna
Trog
Uskayaw
Vehumet
Xom
Yredelemnul
Zin
The Shining One

Shops:
D:6 ?

Annotations:
Lair:3 exclusion: 2 oklob plants


Innate Abilities, Weirdness & Mutations

You have razor-sharp teeth.
You have supernaturally acute eyesight. (SInv)
You can survive without breathing.


Message History

The wolf spider struggles to resist.
The wolf spider hits you!! The wolf spider closely misses you.
The water moccasin barely misses you. The wolf spider hits you!!
The wolf spider bites you but does no damage.
Casting: Confuse
Confirm with . or Enter, or press ? or * to list all spells.
Aiming: Confuse
Press: ? - help, Shift-Dir - straight line, f/p - water moccasin
Aim: a water moccasin (chance to defeat MR: 67%)
The water moccasin struggles to resist.
The water moccasin completely misses you.
The wolf spider hits you!!
* * * LOW HITPOINT WARNING * * *
The wolf spider completely misses you.
A wyvern comes into view.
The water moccasin bites you.
* * * LOW HITPOINT WARNING * * *
You are poisoned.
The water moccasin poisons you! The wolf spider hits you!
You die...

##.....## #...[#
##......# ##...#
###....## ##P...#
##.<...# #....##
##......# ###..#
#.#.l..## #....#
###....P#. ###..####
.......(#...##.S...#.##.
.............k.s@.......
##PPP...................
P.k..P........y.........
#....##.................
....## P....#..#......##
...## ...l..#.##....#.#
..## Py....#.. P...# #
.## P.y...### ....# ##


You could see a wolf spider, a rime drake, a hornet, a water moccasin and a
wyvern (wandering).

Vanquished Creatures
  Nessos (Lair:5)
  5 hydras
  A two-headed ogre (D:8)
  A lindwurm (Volcano)
  Pikel (D:7)
  The ghost of jesusflecha the Cudgeler, a novice GrFi of Makhleb (D:6)
  9 elephants (Lair:4)
  3 black mambas
  A merfolk siren (Lair:4)
  Joseph (D:7)
  7 spiny frogs
  2 rime drakes
  8 komodo dragons
  8 blink frogs
  3 merfolk (Lair:4)
  5 hippogriffs
  4 dream sheep
  Sigmund (D:6)
  A spriggan (D:7)
  2 wyverns
  17 yaks
  A hungry ghost (D:7)
  A fire bat (Volcano)
  A basilisk (Lair:3)
  5 water moccasins
  10 porcupines
  Duvessa (D:7)
  A hornet zombie (D:7)
  A hell hound (Volcano)
  4 orc warriors
  2 black bears
  2 necrophages
  4 phantoms
  2 ogres
  A sky beast (D:6)
  5 wolves
  4 centaurs
  12 crocodiles
  A big kobold (D:8)
  16 bullfrogs
  Dowan (D:7)
  2 scorpions
  3 lava snakes (Volcano)
  6 crimson imps
  A jelly (D:5)
  A hound (D:6)
  2 centaur zombies
  2 orc priests (D:8)
  A bullfrog skeleton (D:4)
  7 orc wizards
  3 iguanas
  6 worker ants
  A hound zombie (D:5)
  A hound skeleton (D:8)
  A howler monkey zombie (D:6)
  A worker ant zombie (D:7)
  4 gnolls
  A howler monkey skeleton (D:4)
  8 adders
  12 white imps (Lair:4)
  4 worms
  2 dart slugs
  5 leopard geckos
  31 orcs
  9 bats
  3 giant cockroaches
  6 hobgoblins
  2 jackals (D:1)
  15 kobolds
  7 quokkas
  5 frilled lizards
  6 goblins
  3 leopard gecko skeletons
  A quokka skeleton (D:8)
  6 rats
325 creatures vanquished.

Vanquished Creatures (others)
  An adder zombie (D:7)
  A leopard gecko (D:7)
  A quokka (D:7)
  6 fungi
  9 plants
18 creatures vanquished.

Grand Total: 343 creatures vanquished

Notes
Turn   | Place    | Note
-------+----------+-------------------------------------------
     0 | D:1      | Jynx the Vampire Enchanter began the quest for the Orb.
     0 | D:1      | Reached XP level 1. HP: 13/13 MP: 3/3
   191 | D:1      | Reached XP level 2. HP: 19/19 MP: 5/5
   195 | D:1      | Learned a level 2 spell: Ensorcelled Hibernation
   809 | D:1      | Reached skill level 5 in Stealth
  1564 | D:1      | Reached XP level 3. HP: 14/24 MP: 4/6
  2428 | D:2      | Learned a level 3 spell: Confuse
  2714 | D:3      | Reached XP level 4. HP: 30/30 MP: 7/7
  2944 | D:3      | Noticed a necrophage
  3176 | D:3      | Killed a necrophage
  3176 | D:3      | Reached skill level 6 in Stealth
  3176 | D:3      | Reached skill level 5 in Hexes
  3176 | D:3      | Reached XP level 5. HP: 34/34 MP: 2/8
  3904 | D:3      | Reached XP level 6. HP: 34/40 MP: 6/9
  3982 | D:3      | Learned a level 3 spell: Tukima's Dance
  4515 | D:4      | Reached skill level 7 in Stealth
  4844 | D:5      | Entered Level 5 of the Dungeon
  5093 | D:5      | Reached skill level 5 in Short Blades
  5093 | D:5      | Reached XP level 7. HP: 44/45 MP: 7/10
  6199 | D:5      | Found a shadowy altar of Dithmenos.
  6200 | D:5      | Found a stormy altar of Qazlal.
  6200 | D:5      | Found a shimmering altar of Xom.
  6787 | D:5      | Reached skill level 8 in Stealth
  7446 | D:6      | Found a bloodstained altar of Trog.
  7655 | D:6      | Reached XP level 8. HP: 51/51 MP: 11/11
  8132 | D:6      | Found an opulent altar of Gozag.
  8145 | D:6      | Found a sacrificial altar of Ru.
  8157 | D:6      | Noticed jesusflecha's ghost (novice GrFi)
  8224 | D:6      | Killed jesusflecha's ghost
  8224 | D:6      | Reached skill level 5 in Dodging
  8224 | D:6      | Reached skill level 9 in Stealth
  8326 | D:6      | Noticed Sigmund
  8328 | D:6      | Killed Sigmund
  8352 | D:6      | Found a basalt altar of Yredelemnul.
  8528 | D:6      | Found Ittampoo's Magic Scroll Shoppe.
  8788 | D:6      | Reached XP level 9. HP: 56/56 MP: 12/12
  9307 | D:6      | Reached skill level 10 in Stealth
  9402 | D:7      | Found a staircase to the Ecumenical Temple.
  9426 | Temple   | Entered the Ecumenical Temple
  9561 | Temple   | Became a worshipper of Makhleb the Destroyer
  9702 | D:7      | Identified a scroll of acquirement
  9795 | D:7      | Found an iron altar of Okawaru.
 10496 | D:7      | Noticed Duvessa
 10497 | D:7      | Noticed Dowan
 10540 | D:7      | Killed Duvessa
 10573 | D:7      | Killed Dowan
 10681 | D:7      | Reached skill level 11 in Stealth
 10920 | D:7      | Reached skill level 10 in Short Blades
 10927 | D:7      | Noticed Joseph
 10936 | D:7      | Killed Joseph
 11051 | D:7      | Reached XP level 10. HP: 62/62 MP: 10/13
 11059 | D:7      | Reached * piety under Makhleb
 11262 | D:7      | Noticed Pikel
 11274 | D:7      | Killed Pikel
 11274 | D:7      | Reached skill level 10 in Hexes
 11592 | D:8      | Noticed a two-headed ogre
 11613 | D:8      | Killed a two-headed ogre
 11635 | D:8      | Found a staircase to the Lair.
 11895 | D:8      | Reached skill level 12 in Stealth
 12800 | D:8      | Reached ** piety under Makhleb
 13129 | Lair:1   | Entered Level 1 of the Lair of Beasts
 13295 | Lair:1   | Noticed an eight-headed hydra
 13752 | Lair:1   | Noticed a spiny frog
 13760 | Lair:1   | Killed a spiny frog
 14133 | Lair:1   | Killed an eight-headed hydra
 14133 | Lair:1   | Reached XP level 11. HP: 40/67 MP: 11/14
 14914 | Lair:2   | Reached skill level 13 in Stealth
 16069 | Lair:3   | Found a staircase to the Snake Pit.
 16109 | Lair:3   | Noticed an eight-headed hydra
 16135 | Lair:3   | Killed an eight-headed hydra
 16316 | Lair:3   | Noticed a five-headed hydra
 16319 | Lair:3   | Noticed an oklob plant
 16322 | Lair:3   | Noticed an oklob plant
 16323 | Lair:3   | Killed a five-headed hydra
 16323 | Lair:3   | Reached skill level 14 in Stealth
 17000 | Lair:3   | Reached *** piety under Makhleb
 17072 | Lair:3   | Reached skill level 10 in Dodging
 17252 | Lair:4   | Reached XP level 12. HP: 73/73 MP: 2/15
 17565 | Lair:4   | Noticed a six-headed hydra
 17577 | Lair:4   | Killed a six-headed hydra
 17636 | Lair:4   | Found a dark tunnel.
 17641 | Volcano  | Entered a volcano
 18171 | Lair:4   | Found a staircase to the Shoals.
 18303 | Lair:4   | Reached skill level 15 in Stealth
 18838 | Lair:4   | Reached **** piety under Makhleb
 19085 | Lair:4   | Reached skill level 1 in Invocations
 19389 | Lair:4   | Reached skill level 15 in Short Blades
 20127 | Lair:5   | Noticed Nessos
 20135 | Lair:5   | Killed Nessos
 20157 | Lair:5   | Identified the Guide on the Assistive Traveller
 20196 | Lair:5   | Reached XP level 13. HP: 68/79 MP: 16/16
 20255 | Lair:5   | Reached skill level 16 in Stealth
 20912 | Lair:6   | Entered Level 6 of the Lair of Beasts
 21027 | Lair:6   | Slain by a wolf spider

Skill      XL: |  1  2  3  4  5  6  7  8  9 10 11 12 13 |
---------------+----------------------------------------+-----
Stealth        | 5 6 7 8 9 11 12 14 15 16 | 16.1
Short Blades   | 2 3 4 5 6 8 10 11 13 15 | 15.5
Hexes          | 5 6 7 8 9 11 | 11.0
Dodging        | 3 4 5 7 8 10 11 | 11.5
Invocations    | 2 3 |  3.1
Spellcasting   | |  2.0

Action                   |  1- 3 |  4- 6 |  7- 9 | 10-12 | 13-15 || total
-------------------------+-------+-------+-------+-------+-------++-------
Melee: Dagger            |   165 |   179 |   541 |   541 |    42 ||  1468
       Bite              |     8 |    18 |    51 |    54 |     5 ||   136
 Cast: Corona            |     9 |     1 |     8 |     9 |       ||    27
       Ensorcelled Hiber |     9 |     7 |    20 |    33 |     4 ||    73
       Confuse           |       |    23 |    54 |   117 |    15 ||   209
 Abil: End Transformatio |       |     1 |       |     7 |       ||     8
       Bat Form          |       |     1 |       |     7 |       ||     8
  Use: Scroll            |     8 |     7 |     8 |     7 |     2 ||    32
       Potion            |       |       |       |     4 |       ||     4
 Stab: Sleeping          |    13 |     9 |    18 |    44 |     5 ||    89
       Confused          |       |    13 |    32 |    67 |     4 ||   116
       Distracted        |       |       |     4 |     2 |     1 ||     7
  Eat: Corpse            |     9 |     6 |    22 |    22 |     3 ||    62
Armor: Robe              |    31 |    38 |    68 |    38 |     2 ||   177
Dodge: Dodged            |   125 |    88 |   313 |   261 |    26 ||   813
